 Dungeon Crawl Stone Soup version 0.17.1-3-g152610e (webtiles) character file.

1848 Jerry the Sneak (level 9, -1/78 HPs)
             Began as a Naga Fighter on Mar 3, 2016.
             Slain by a scorpion (2 damage)
             ... on level 6 of the Dungeon.
             The game lasted 00:43:59 (6665 turns).

Jerry the Sneak (Naga Fighter)                      Turns: 6665, Time: 00:43:59

Health: -1/78      AC: 10    Str: 24    XL:     9   Next: 12%
Magic:  11/11      EV:  7    Int: 10    God:
Gold:   271        SH: 10    Dex: 12    Spells: 0 memorised, 8 levels left

rFire  + . .     SeeInvis +     y - +3 hunting sling of Ruination {speed, rF+ rC+ Str+3}
rCold  + . .     Clarity  .     t - +1 ring mail {MR+}
rNeg   . . .     SustAt   .     c - +0 shield
rPois  +         Gourm    .     (no helmet)
rElec  .         Spirit   .     w - +0 cloak
rCorr  .         Warding  .     s - +0 pair of gloves
rMut   .         Stasis   .     (no barding)
MR     ++...                    (no amulet)
Stlth  +++.......               (no ring)
                                G - ring of flight

@: very slow, very resistant to hostile enchantments, fairly stealthy
A: see invisible, clever 1, deformed body, poison resistance, slowness 2, slow
metabolism 1, spit poison 2, AC +3
a: Spit Poison, Evoke Flight


You were on level 6 of the Dungeon.
You were hungry.

You visited 1 branch of the dungeon, and saw 6 of its levels.

You collected 283 gold pieces.
You spent 12 gold pieces at shops.

Inventory:

Hand Weapons
 a - a +1 long sword
 r - the +6 war axe "Vofutt" {chop, MP+9, unknown}
   (You found it on level 5 of the Dungeon)

   It inflicts extra damage upon your enemies.
   It affects your magic capacity (+9).
 v - the +5 hand axe of Kismet {chop, *Rage rElec rN+}
   (You found it on level 4 of the Dungeon)

   It inflicts extra damage upon your enemies.
   It insulates you from electricity.
   It protects you from negative energy.
   It may make you go berserk in combat.
 y - the +3 hunting sling of Ruination (weapon) {speed, rF+ rC+ Str+3}
   (You found it on level 5 of the Dungeon)

   Attacks with this weapon are significantly faster.
   It affects your strength (+3).
   It protects you from fire.
   It protects you from cold.
 D - a +2 short sword of venom
 E - a +1 dagger of venom
Missiles
 l - 17 tomahawks
 B - 112 stones (quivered)
Armour
 c - a +0 shield (worn)
 s - a +0 pair of gloves (worn)
 t - a +1 ring mail of magic resistance (worn)
 w - a +0 cloak (worn)
Jewellery
 G - a ring of flight (left hand)
Scrolls
 b - a scroll of enchant weapon
 d - a scroll of magic mapping {unknown}
 g - 4 scrolls of identify
 n - a scroll of fear {unknown}
 x - 2 scrolls of teleportation {unknown}
 z - a scroll of enchant armour {unknown}
 A - a scroll of immolation {unknown}
Potions
 h - a potion of cure mutation
 i - a potion of lignification
 j - a potion of cancellation
 k - 2 potions of brilliance
 m - 4 potions of curing
 o - a potion of agility
 C - a potion of magic {unknown}
 F - 2 potions of heal wounds {unknown}
 I - a potion of ambrosia {unknown}
Books
 H - a book of Envenomations

   Spells                             Type                      Level
   a - Spider Form                    Transmutation/Poison         3
   b - Alistair's Intoxication        Transmutation/Poison         4
   c - Olgreb's Toxic Radiance        Poison                       4
   d - Poisonous Cloud                Conjuration/Poison/Air       6
Miscellaneous
 q - a plain deck of defence {drawn: 1}
Comestibles
 e - 3 bread rations
 f - a fruit
 p - 3 slices of pizza
 u - a meat ration


   Skills:
 - Level 4.0 Fighting
 - Level 4.4 Long Blades
 + Level 5.9 Armour
 - Level 6.4 Stealth
 + Level 5.8 Shields
 + Level 2.7 Evocations


You had 8 spell levels left.
You didn't know any spells.

Dungeon Overview and Level Annotations

Branches:
Dungeon (6/15)
 Temple: D:4-7

Altars:
Ashenzari
Gozag
Kikubaaqudgha
Nemelex Xobeh
Sif Muna
Vehumet
Yredelemnul
Zin

Shops:
D:4 *


Innate Abilities, Weirdness & Mutations

You cannot wear boots.
Your serpentine skin is tough (AC +3).
You have supernaturally acute eyesight.
Armour fits poorly on your strangely shaped body.
Your system is resistant to poisons.
You cover ground very slowly.
You have a slow metabolism.
You can spit poison.
Your mind is acute. (Int +2)


Message History

You block the scorpion's attack. You block the scorpion's attack.
The scorpion stings you but does no damage.
The scorpion stings you but does no damage.
You block the scorpion's attack. You block the scorpion's attack.
The scorpion stings you.
* * * LOW HITPOINT WARNING * * *
You block the scorpion's attack. You block the scorpion's attack.
You block the scorpion's attack. You block the scorpion's attack.
You block the scorpion's attack.
The scorpion stings you but does no damage.
The scorpion stings you but does no damage.
The scorpion barely misses you. The scorpion stings you.
* * * LOW HITPOINT WARNING * * *
The scorpion stings you.
You die...

##_..........#
#######..#..
##........#.### #.####
##......##...### #.# #
##.##.#####...##### #.#
#.##.# ###.....###.#
#.##.# #####..<..####
#.##.####### #####.....
#.##.##....#########.##..
#.##.###@#>.....(....##..
#..#.# #s#########.......
##.#.# #.. #.##...#
##...# ###. ##.##.##.
##....## .######..##.#..
#......# ...........#.#
######## ######....##.#
###..#....# ♣
♣♣♣##...)#..###


You could see a scorpion.

Vanquished Creatures
  Sigmund (D:2)
  Eustachio (D:6)
  An orc warrior (D:6)
  2 phantoms
  3 ogres
  2 centaurs
  A giant frog (D:6)
  2 scorpions
  A centaur zombie (D:6)
  A crimson imp (D:5)
  7 orc priests
  A hound (D:4)
  Ijyb (D:2)
  An iguana (D:5)
  2 orc wizards
  4 worker ants
  A hound skeleton (D:4)
  6 adders
  3 shadow imps
  3 worms
  8 giant geckos
  16 orcs
  3 ball pythons
  9 giant cockroaches
  2 gnoll zombies (D:4)
  9 goblins
  10 hobgoblins
  10 jackals
  9 kobolds
  10 bats
  A giant gecko skeleton (D:4)
  3 giant newts
  A jackal skeleton (D:4)
  A quokka (D:6)
  3 rats
139 creatures vanquished.

Vanquished Creatures (others)
  An orc wizard (D:4)
1 creature vanquished.

Grand Total: 140 creatures vanquished

Notes
Turn   | Place    | Note
--------------------------------------------------------------
     0 | D:1      | Jerry the Naga Fighter began the quest for the Orb.
     0 | D:1      | Reached XP level 1. HP: 21/21 MP: 1/1
   442 | D:1      | Reached XP level 2. HP: 13/28 MP: 2/2
  1031 | D:2      | Reached skill level 1 in Stealth
  1031 | D:2      | Reached XP level 3. HP: 31/34 MP: 3/3
  1076 | D:2      | Noticed Ijyb
  1091 | D:2      | Killed Ijyb
  1091 | D:2      | Reached XP level 4. HP: 28/42 MP: 4/4
  1700 | D:2      | Found a radiant altar of Vehumet.
  1732 | D:2      | Found an opulent altar of Gozag.
  1797 | D:2      | Found a sparkling altar of Nemelex Xobeh.
  2075 | D:2      | Noticed Sigmund
  2196 | D:2      | Killed Sigmund
  2196 | D:2      | Reached XP level 5. HP: 38/50 MP: 5/5
  2196 | D:2      | Reached XP level 6. HP: 43/57 MP: 6/6
  2417 | D:2      | Reached skill level 4 in Fighting
  2464 | D:2      | Found a shattered altar of Ashenzari.
  2464 | D:2      | Found a glowing silver altar of Zin.
  2730 | D:3      | HP: 2/57 [poisoned by an adder]
  2736 | D:3      | HP: 3/85 [poisoned by an adder]
  2744 | D:3      | HP: 3/85 [poisoned by an adder]
  3204 | D:3      | Reached XP level 7. HP: 52/64 MP: 7/7
  3550 | D:3      | Gained mutation: Your mind is acute. (Int +2) [potion of beneficial mutation]
  3644 | D:4      | Reached skill level 5 in Stealth
  3964 | D:4      | Found a basalt altar of Yredelemnul.
  4021 | D:4      | Reached skill level 6 in Stealth
  4021 | D:4      | Reached XP level 8. HP: 39/72 MP: 8/8
  4308 | D:4      | Got a dazzling hand axe
  4309 | D:4      | Identified the +5 hand axe of Kismet {chop, *Rage rElec rN+} (You found it on level 4 of the Dungeon)
  4438 | D:4      | Found Xuqiuryu's General Store.
  4441 | D:4      | Bought a potion of degeneration for 12 gold pieces
  4578 | D:5      | Entered Level 5 of the Dungeon
  4818 | D:5      | Got a crystal hunting sling
  4819 | D:5      | Identified the cursed +3 hunting sling of Ruination {speed, rF+ rC+ Str+3} (You found it on level 5 of the Dungeon)
  4907 | D:5      | Got an encrusted war axe
  5134 | D:4      | Found Xuqiuryu's General Store.
  5192 | D:4      | Reached skill level 5 in Armour
  5192 | D:4      | Reached skill level 5 in Shields
  5548 | D:4      | Found a basalt altar of Yredelemnul.
  5820 | D:6      | Found a deep blue altar of Sif Muna.
  6080 | D:6      | Reached skill level 1 in Evocations
  6318 | D:6      | Reached XP level 9. HP: 67/78 MP: 10/10
  6342 | D:6      | Noticed Eustachio
  6357 | D:6      | Killed Eustachio
  6453 | D:6      | Found a glowing drain.
  6504 | D:6      | Found an ancient bone altar of Kikubaaqudgha.
  6639 | D:6      | HP: 1/78 [scorpion (7)]
  6655 | D:6      | HP: 3/78 [scorpion (2)]
  6664 | D:6      | HP: 1/78 [scorpion (4)]
  6665 | D:6      | Slain by a scorpion

Action                   |  1- 3 |  4- 6 |  7- 9 || total
-------------------------+-------+-------+-------++-------
Melee: Long sword        |    89 |   126 |   133 ||   348
       Hand axe          |       |       |    58 ||    58
 Fire: Hunting sling     |       |       |   113 ||   113
 Abil: Spit Poison       |     5 |    17 |     8 ||    30
Evoke: Deck              |       |     1 |       ||     1
  Use: Potion            |       |     2 |     2 ||     4
       Scroll            |       |       |    14 ||    14
 Stab: Sleeping          |     1 |     3 |     3 ||     7
       Distracted        |       |       |     1 ||     1
  Eat: Chunk             |       |     2 |    12 ||    14
       Bread ration      |       |     1 |       ||     1
